 Dungeon Crawl Stone Soup version 0.18.1-50-g88ac8fd (webtiles) character file.

249 Nordron the Firebug (level 6, -6/50 HPs)
             Began as a Naga Fire Elementalist on Sept 22, 2016.
             Was a Follower of Vehumet.
             Mangled by a gnoll
             ... wielding a +0 flail
              (9 damage)
             ... on level 3 of the Dungeon.
             The game lasted 00:19:51 (1986 turns).

Nordron the Firebug (Naga Fire Elementalist)        Turns: 1986, Time: 00:19:52

Health: -6/50      AC:  3    Str: 11    XL:     6   Next: 12%
Magic:  0/10       EV: 10    Int: 17    God:    Vehumet [*.....]
Gold:   158        SH:  0    Dex: 11    Spells: 3 memorised, 5 levels left

rFire  . . .     SeeInvis +     x - -3 flail (curse)
rCold  + . .     Gourm    .     e - +0 leather armour {rC+}
rNeg   . . .     Faith    .     (no shield)
rPois  +         Spirit   .     (no helmet)
rElec  .         Dismiss  .     (no cloak)
rCorr  .         Reflect  .     (no gloves)
SustAt .         Harm     .     (no barding)
MR     .....                    q - amulet of regeneration
Stlth  ++........               (no ring)
                                (no ring)

@: very slow, not resistant to hostile enchantments, unstealthy
A: see invisible, deformed body, poison resistance, slowness 2, slow metabolism
1, spit poison 2, AC +2
a: Spit Poison, Renounce Religion


You were on level 3 of the Dungeon.
You worshipped Vehumet.
Vehumet was aware of your devotion.
You were hungry.

You visited 1 branch of the dungeon, and saw 4 of its levels.

You collected 158 gold pieces.

Inventory:

Hand Weapons
 g - a +0 mace
 i - a +0 hand axe of electrocution
 v - a +0 whip
 x - a cursed -3 flail (weapon)
Armour
 e - a +0 leather armour of cold resistance (worn)
 h - a +1 leather armour
Jewellery
 j - an uncursed ring of ice
 q - an amulet of regeneration (around neck)
Scrolls
 k - 4 scrolls of identify
 t - 2 scrolls of fog
Potions
 a - a potion of degeneration {unknown}
 l - 2 potions of curing {unknown}
 m - a potion of magic {unknown}
 p - a potion of mutation {unknown}
 s - 2 potions of might {unknown}
 u - a potion of agility {unknown}
Books
 b - a book of Flames

   Spells                             Type                      Level
   a - Flame Tongue                   Conjuration/Fire             1
   b - Throw Flame                    Conjuration/Fire             2
   c - Conjure Flame                  Conjuration/Fire             3
   d - Inner Flame                    Hexes/Fire                   3
   e - Sticky Flame                   Conjuration/Fire             4
   f - Fireball                       Conjuration/Fire             5
Comestibles
 c - 3 bread rations
 d - a beef jerky
 f - a meat ration
 o - a slice of pizza
 r - 13 chunks of flesh


   Skills:
 + Level 0.6 Fighting
 + Level 0.4 Maces & Flails
 + Level 1.8 Armour
 + Level 2.4 Dodging
 + Level 3.6 Stealth
 + Level 3.1 Spellcasting
 + Level 2.4 Conjurations
 + Level 3.8 Fire Magic


You had 5 spell levels left.
You knew the following spells:

 Your Spells              Type           Power        Failure   Level  Hunger
a - Flame Tongue          Conj/Fire      ##...        10%         1    None
b - Throw Flame           Conj/Fire      ##....       12%         2    ##.....
c - Conjure Flame         Conj/Fire      ##......     21%         3    ###....


Dungeon Overview and Level Annotations

Branches:
Dungeon (4/15)
 Temple: D:4-7

Altars:
Cheibriados
Kikubaaqudgha
Okawaru
Vehumet


Innate Abilities, Weirdness & Mutations

You cannot wear boots.
Your serpentine skin is tough (AC +2).
You have supernaturally acute eyesight.
Armour fits poorly on your strangely shaped body.
Your system is resistant to poisons.
You cover ground very slowly.
You have a slow metabolism.
You can spit poison.


Message History

Aim: a gnoll, wielding a flail (almost dead)
The flame tongue hits the gnoll.
The gnoll is almost dead.
The gnoll hits you with a flail!
* * * LOW HITPOINT WARNING * * *
The gnoll hits you with a flail!
* * * LOW HITPOINT WARNING * * *
Found a stone staircase leading up.
You see here a scroll labeled BOMPIKHUED.
The gnoll hits you with a flail.
* * * LOW HITPOINT WARNING * * *
Casting: Flame Tongue
Confirm with . or Enter, or press ? or * to list all spells.
Aiming: Flame Tongue
Press: ? - help, Shift-Dir - straight line, f/p - gnoll
Aim: a gnoll, wielding a flail (almost dead)
The flame tongue hits the gnoll.
The gnoll appears unharmed.
The gnoll is almost dead.
The gnoll hits you with a flail!
You die...

#.########)# #.# #รท# ######.#
#)# .....#.# #.###### #.##.#.#
#..)...# #.##.#.# ######.#
#.##.#.# ####* #.#
..##.#.######...####(#####
..............#$@g.......#####
..............#.......)).....#
####)#######.###.###.###.###.#
#)# #.# #<# #.#**,# *,*
#.#######.# #.# #..,*,* *,*
#.........###.# ###.*,* *,*
#.####........# *.#,* *,* #.#
#........####*,#,* *,**
*#.####............,,,,* *,,*


You could see a gnoll.

Vanquished Creatures
  An orc priest (D:3)
  2 orc wizards (D:3)
  6 gnolls (D:3)
  4 adders
  2 dart slugs
  14 orcs
  4 giant cockroaches
  3 goblins (D:1)
  8 hobgoblins
  5 kobolds
  2 ball pythons
  2 bats (D:3)
  3 giant newts
  4 rats
60 creatures vanquished.

Notes
Turn   | Place    | Note
--------------------------------------------------------------
     0 | D:1      | Nordron the Naga Fire Elementalist began the quest for the Orb.
     0 | D:1      | Reached XP level 1. HP: 15/15 MP: 3/3
   137 | D:1      | Reached XP level 2. HP: 21/22 MP: 5/5
   737 | D:2      | Learned a level 2 spell: Throw Flame
   794 | D:2      | Reached XP level 3. HP: 14/28 MP: 2/6
  1021 | D:2      | Found a snail-covered altar of Cheibriados.
  1127 | D:2      | Found a radiant altar of Vehumet.
  1137 | D:2      | Became a worshipper of Vehumet
  1188 | D:2      | Reached XP level 4. HP: 34/37 MP: 3/7
  1349 | D:3      | Reached skill level 1 in Armour
  1520 | D:3      | Reached XP level 5. HP: 29/43 MP: 1/9
  1746 | D:3      | Found an iron altar of Okawaru.
  1747 | D:3      | Found an ancient bone altar of Kikubaaqudgha.
  1808 | D:3      | Reached * piety under Vehumet
  1808 | D:3      | Offered knowledge of Magic Dart by Vehumet.
  1866 | D:3      | Reached XP level 6. HP: 26/50 MP: 0/10
  1955 | D:3      | Learned a level 3 spell: Conjure Flame
  1985 | D:3      | HP: 2/50 [gnoll/flail (4)]
  1986 | D:3      | Mangled by a gnoll

Skill      XL: |  1  2  3  4  5 |
---------------+----------------+-----
Armour         | 1 |  1.8
Dodging        | 2 |  2.4
Conjurations   | 2 |  2.4
Spellcasting   | 3 |  3.1
Fighting       | |  0.6
Maces & Flails | |  0.4
Stealth        | |  3.6
Fire Magic     | |  3.8

Action                   |  1- 3 |  4- 6 || total
-------------------------+-------+-------++-------
Melee: Mace              |    33 |     9 ||    42
       Flail             |       |    18 ||    18
 Cast: Flame Tongue      |    28 |    64 ||    92
       Throw Flame       |     1 |     1 ||     2
       Conjure Flame     |       |     1 ||     1
  Use: Scroll            |       |     6 ||     6
 Stab: Sleeping          |     3 |       ||     3
  Eat: Chunk             |     1 |     2 ||     3
Armor: Leather armour    |     8 |    15 ||    23
Dodge: Dodged            |    26 |    34 ||    60
